 Dungeon Crawl Stone Soup version 0.30-a0-920-g7493c07aab (webtiles) character file.

Game seed: 11902168838317395040

64 jasper the Magician (level 3, -3/20 (26) HPs)
             Began as a Draconian Hedge Wizard on Mar 21, 2023.
             Killed by divine providence
             ... invoked by an orc priest
              (11 damage)
             ... on level 3 of the Dungeon.
             The game lasted 00:05:17 (2948 turns).

jasper the Magician (Draconian Hedge Wizard)        Turns: 2948, Time: 00:05:18

HP:   -3/20 (26)    AC:  9    Str: 12    XL:     3   Next: 91%
MP:   4/7           EV: 12    Int: 16    God:
Gold: 129           SH:  0    Dex: 10    Spells: 1/8 levels left

rFire   . . .      SeeInvis +    h - +1 short sword (freeze)
rCold   . . .      Faith    .    (no shield)
rNeg    . . .      Spirit   .    (body armour unavailable)
rPois   .          Reflect  .    b - +0 hat
rElec   .          Rampage  .    (no cloak)
rCorr   .                        (no gloves)
Will    .....                    (no boots)
Stlth   ++                       (no amulet)
HPRegen 0.23/turn                s - +4 ring of protection
MPRegen 0.10/turn                p - ring of see invisible

@: heavily drained
A: AC +5, unfitting armour, cold-blooded
a: no special abilities


You were on level 3 of the Dungeon.
You visited 1 branch of the dungeon, and saw 4 of its levels.

You collected 129 gold pieces.

Inventory:

Hand Weapons
 a - a +0 dagger
 g - a +0 short sword
 h - a +1 short sword of freezing (weapon)
 n - a +0 spear
Missiles
 i - 17 stones
 l - 15 poisoned darts
 m - 6 javelins
Armour
 b - a +0 hat (worn)
Jewellery
 f - a +6 ring of dexterity
 p - a ring of see invisible (right hand)
 s - a +4 ring of protection (left hand)
Scrolls
 e - a scroll of enchant armour {unknown}
 o - a scroll of summoning
Potions
 c - a potion of magic
 d - 3 potions of flight
 j - a potion of resistance
 k - a potion of lignification
 q - a potion of heal wounds {unknown}
 r - a potion of brilliance {unknown}


   Skills:
 - Level 1.7 Dodging
 - Level 1.7 Stealth
 - Level 3.0 Spellcasting
 - Level 2.0 Conjurations
 - Level 3.0 Summonings
 + Level 0.5 Necromancy
 - Level 1.0 Translocations
 + Level 0.4 Air Magic
 + Level 0.5 Poison Magic


You had one spell level left.
You knew the following spells:

 Your Spells              Type           Power      Damage    Failure   Level
a - Magic Dart            Conj           32%        1d4       9%          1
b - Call Imp              Summ           12%        N/A       9%          2
c - Blink                 Tloc           10%        N/A       19%         2
d - Cigotuvi's Dreadful   Necr/Pois/Air  8%         N/A       22%         2

Your spell library contained the following spells:

 Spells                   Type           Power      Damage    Failure   Level
 Apportation              Tloc           10%        N/A       12%         1
 Foxfire                  Conj/Fire      20%        2x1d5     12%         1
 Slow                     Hex            8%         N/A       19%         1
 Mephitic Cloud           Conj/Pois/Air  5%         N/A       36%         3
 Kindle Blastsparks       Fire/Tloc/Air  6%         2d10      43%         3
 Ignite Poison            Fire/Tmut/Pois 2%         N/A       45%         3
 Fireball                 Conj/Fire      2%         3d4       98%         5
 Freezing Cloud           Conj/Ice/Air   2%         6-21      98%         5
 Alistair's Intoxication  Tmut/Pois      2%         N/A       99%         5
 Starburst                Conj/Fire      2%         6d3       100%        6


Dungeon Overview and Level Annotations

Branches:
Dungeon (4/15)
 Temple: D:4-7

Altars:

Annotations:
D:4 Eustachio, Grinder


Innate Abilities, Weirdness & Mutations

Your plain brown scales are hard. (AC +5)
You cannot fit into any form of body armour.
You are cold-blooded and may be slowed by cold attacks.


Message History

Grinder blinks!
Eustachio twirls his moustache.
Eustachio casts a spell.
You climb upwards.
There is a stone staircase leading down here.
You can't go down here!
(D) Dungeon
Where to? (Enter - D:3 @ (x,y), ? - help)
The orc shouts!
The orc priest mumbles some strange prayers to Beogh against you.
Pain shoots through your body!
You take 5 damage, and have 18/23 hp.
MASSIVE DAMAGE!!
The orc priest begins to cast a cantrip, but forgets the words!
Casting: Cigotuvi's Dreadful Rot (safe; 22% risk of failure)
Confirm with . or Enter, or press ? or * to list all spells.
A part of your flesh rots into a cloud of miasma!
You feel drained.
The orc shouts!
You now have 5/7 mp.
The orc priest calls down the wrath of Beogh upon you.
Pain shoots through your body!
Ouch! That really hurt!
* * * LOW HITPOINT WARNING * * *
You take 14 damage, and have 5/20 hp.
MASSIVE DAMAGE!!
Casting: Cigotuvi's Dreadful Rot (safe; 22% risk of failure)
Confirm with . or Enter, or press ? or * to list all spells.
A beastly little devil appears in a puff of flame.
You now have 3/7 mp.
You swap places.
The orc closely misses your crimson imp.
Your crimson imp hits the orc.
Your crimson imp barely misses the orc.
The orc barely misses your crimson imp.
The orc priest calls upon Beogh to heal the orc.
The orc's wounds heal themselves!
Your crimson imp barely misses the orc.
The orc closely misses your crimson imp.
The orc priest mumbles some strange prayers to Beogh against you.
Beogh smites you!
Ouch! That really hurt!
You die...

#.##.....>..... ####.##.#
#.......o....##. #.##.#
####.#.....#.... #.##.##
#.##.o....## #<##... #.###o##o##
##.##### #.# #o##.# #.# #..#####
#.# #.##.# #?####...#...... #.#
#o##o#####.......###.###. #.#
#.o5....@..####.# ##.##. #.#
#..###.###.....# ##.#.
#####รท###..###.# #.####.##
##.##.
#..............###.#####.###.###.
#.########.###.##.>.##....#......
#.# #.# #.##...##.###....... #.#
#.# #.........###.#.##.#
#.########.# #.[...........#.# .#
#..........# #........######.# .#


You could see an orc priest (ally target), 2 orcs and a friendly crimson imp
(summoned).

Vanquished Creatures
  An adder (D:2)
  3 dart slugs (D:2)
  An orc (D:3)
  4 ball pythons
  4 endoplasms
  3 giant cockroaches
  5 goblins
  5 hobgoblins
  4 quokkas
  2 bats
  2 frilled lizards
  7 kobolds
  2 rats (D:1)
43 creatures vanquished.

Notes
Turn   | Place    | Note
-------+----------+-------------------------------------------
     0 | D:1      | jasper the Draconian Hedge Wizard began the quest for the
                  | Orb.
     0 | D:1      | Reached XP level 1. HP: 14/14 MP: 4/4
   323 | D:1      | Reached XP level 2. HP: 12/20 MP: 1/6
   326 | D:1      | Learned a level 2 spell: Call Imp
   329 | D:1      | Learned a level 2 spell: Blink
   332 | D:1      | Learned a level 2 spell: Cigotuvi's Dreadful Rot
  1749 | D:2      | Reached XP level 3. HP: 26/26 MP: 3/7
  2356 | D:2      | Found a faded altar of an unknown god.
  2913 | D:4      | Noticed Grinder
  2914 | D:4      | Noticed Eustachio
  2948 | D:3      | Killed from afar by an orc priest

Illustrated notes

Levels and vault maps discovered:
D:1:      amcnicky_arrival_feature_with_door, layout_loops_corners,
          skrybe_limestone_x, minmay_pentomino_o2
D:2:      layout_basic, shapermc_ecumenical_altar_acropolis
D:3:      layout_loops_ring
D:4:      layout_loops_ring, nicolae_wu_jian_immortal_techniques,
          minmay_temple_entry_junction_2, serial_shops, shop, uniq_grinder,
          uniq_eustachio

Skill      XL: |  1  2  3 |
---------------+----------+-----
Conjurations   | 2 |  2.0
Summonings     | 2 3 |  3.0
Dodging        | |  1.7
Stealth        | |  1.7
Spellcasting   | |  3.0
Necromancy     | |  0.5
Translocations | |  1.0
Air Magic      | |  0.4
Poison Magic   | |  0.5

Action                     || total
---------------------------++-------
  Melee: Dagger            ||    36
         Tailslap          ||     9
         Short sword       ||    24
   Cast: Magic Dart        ||   107
         Call Imp          ||     2
         Cigotuvi's Dreadf ||     2
    Use: Scroll            ||     7
 Armour: Skin              ||    20
  Dodge: Dodged            ||    44

Table legend: (Time is in decaauts)
 A = Elapsed time spent in this place.
 B = Non-inter-level travel time spent in this place.
 C = Inter-level travel time spent in this place.
 D = Time resting spent in this place.
 E = Time spent auto-exploring this place.
 F = Levels seen in this place.
 G = Mean time per level.
                   A        B        C        D        E       F      G
               +--------+--------+--------+--------+--------+-----+--------+
         Total |   2946 |   2726 |    220 |    302 |   1626 |   4 |  736.5 |
       Dungeon |   2946 |   2726 |    220 |    302 |   1626 |   4 |  736.5 |
               +--------+--------+--------+--------+--------+-----+--------+

Top non-repeatable levels by time:
     D:1: 1445 daAuts
     D:2: 1167 daAuts
     D:3: 326 daAuts
     D:4: 7 daAuts
